 Dungeon Crawl Stone Soup version 0.28-a0-175-gb2089b6bb7 (webtiles) character file.

Game seed: 6871090191312005745

46 Nattfarinn the Caller (level 3, -3/24 HPs)
             Began as a Barachi Summoner on Aug 17, 2021.
             Slain by a water moccasin (5 damage)
             ... on level 3 of the Dungeon.
             The game lasted 00:05:11 (2275 turns).

Nattfarinn the Caller (Barachi Summoner)            Turns: 2275, Time: 00:05:13

Health: -3/24      AC:  3    Str:  9    XL:     3   Next: 68%
Magic:  1/7        EV: 12    Int: 16    God:
Gold:   51         SH:  0    Dex: 12    Spells: 1/7 levels left

rFire   . . .      SeeInvis +   i - +2 trident (vamp)
rCold   . . .      Faith    .   (no shield)
rNeg    . . .      Spirit   .   g - +1 robe {Archmagi}
rPois   .          Reflect  .   (no helmet)
rElec   .          Harm     .   (no cloak)
rCorr   .          Rampage  .   (no gloves)
Will    .....      Archmagi +   (no boots)
Stlth   ++........              (no amulet)
HPRegen 0.08/turn               c - ring of see invisible
MPRegen 0.10/turn               (no ring)

@: unable to hop, slow
A: amphibious, slowness 1, strong legs 1, +LOS
a: Hop


You were on level 3 of the Dungeon.
You visited 1 branch of the dungeon, and saw 3 of its levels.

You collected 51 gold pieces.

Inventory:

Hand Weapons
 i - a +2 vampiric trident (weapon)
Armour
 a - a +0 robe
 e - a +0 helmet
 g - a +1 robe of the Archmagi (worn)
Jewellery
 c - a ring of see invisible (left hand)
 k - an amulet of faith
Scrolls
 b - a scroll of amnesia {unknown}
 d - a scroll of silence {unknown}
 j - 2 scrolls of identify {unknown}
Potions
 f - a potion of magic {unknown}
 h - a potion of lignification {unknown}


   Skills:
 - Level 2.1 Dodging
 - Level 1.7 Stealth
 + Level 2.9 Spellcasting
 * Level 5.9 Summonings


You had one spell level left.
You knew the following spells:

 Your Spells              Type           Power      Damage    Failure   Level
a - Summon Small Mammal   Summ           100%       N/A       1%          1
b - Call Imp              Summ           32%        N/A       2%          2
c - Call Canine Familiar  Summ           32%        N/A       4%          3

Your spell library contained the following spells:

 Spells                   Type           Power      Damage    Failure   Level
 Summon Guardian Golem    Hex/Summ       17%        N/A       17%         3
 Summon Lightning Spire   Summ/Air       17%        N/A       50%         4


Dungeon Overview and Level Annotations

Branches:
Dungeon (3/15)

Altars:


Innate Abilities, Weirdness & Mutations

You are amphibious.
You cover ground slowly.
You can hop short distances.
You have an extended range of vision and can be seen from far away.


Message History

Reach: i) +2 trident (vamp)
Press: ? - help, Dir - move target, f - water moccasin
Aim: a water moccasin (moderately wounded, ally target, about 62% to evade your +2 vampiric trident)
You could not reach far enough!
The water moccasin bites your iron imp.
Your wolf closely misses the water moccasin.
Your shadow imp barely misses the water moccasin.
The water moccasin closely misses your iron imp.
Your wolf bites the water moccasin!
Your iron imp barely misses the water moccasin.
Reach: i) +2 trident (vamp)
Press: ? - help, Dir - move target, f/p - water moccasin
Aim: a water moccasin (severely wounded, ally target, about 62% to evade your +2 vampiric trident)
You could not reach far enough!
Your wolf barely misses the water moccasin.
The water moccasin bites your iron imp.
Your iron imp is poisoned.
The water moccasin poisons your iron imp!
Your shadow imp hits the water moccasin.
Your wolf barely misses the water moccasin.
The water moccasin closely misses your iron imp.
Your iron imp closely misses the water moccasin.
Unknown command.
Reach: i) +2 trident (vamp)
Press: ? - help, Dir - move target, f/p - water moccasin
Aim: a water moccasin (severely wounded, ally target, about 62% to evade your +2 vampiric trident)
You reach to attack!
You miss the water moccasin.
The water moccasin is severely wounded.
Your iron imp dies!
Your wolf closely misses the water moccasin.
Your shadow imp closely misses the water moccasin.
The frilled lizard misses you.
Your shadow imp hits the water moccasin.
You miss the water moccasin.
The water moccasin is almost dead.
Your wolf closely misses the water moccasin.
The water moccasin bites you!
* * * LOW HITPOINT WARNING * * *
Your wolf closely misses the water moccasin.
The water moccasin bites you.
You die...

#.# #.# ... #.# ...
#####.# # ...#.#.#
#.########5#.#.#.###
.......l@Sh.......>#
#.########.#.#.#<..#
#.#.# # # .#<# .###
.. ##


You could see a water moccasin (ally target), a frilled lizard, a friendly wolf
(summoned) and a friendly shadow imp (summoned).

Vanquished Creatures
  A dart slug (D:1)
  3 ball pythons
  A giant cockroach (D:3)
  A quokka (D:1)
  A rat (D:1)
7 creatures vanquished.

Vanquished Creatures (collateral kills)
  An adder (D:2)
  An adder skeleton (D:2)
  4 dart slugs
  5 endoplasms
  A giant cockroach (D:1)
  5 goblins
  6 hobgoblins
  3 jackals (D:2)
  4 quokkas
  3 ball pythons
  3 bats
  3 frilled lizards
  2 kobolds (D:1)
  A rat (D:2)
42 creatures vanquished.

Grand Total: 49 creatures vanquished

Notes
Turn   | Place    | Note
-------+----------+-------------------------------------------
     0 | D:1      | Nattfarinn the Barachi Summoner began the quest for the
                  | Orb.
     0 | D:1      | Reached XP level 1. HP: 13/13 MP: 3/3
    81 | D:1      | Reached skill level 5 in Summonings
    87 | D:1      | Reached XP level 2. HP: 9/19 MP: 1/5
   757 | D:1      | Learned a level 2 spell: Call Imp
  1267 | D:2      | Reached XP level 3. HP: 24/24 MP: 1/7
  1571 | D:2      | Learned a level 3 spell: Call Canine Familiar
  2160 | D:2      | Found a faded altar of an unknown god.
  2265 | D:3      | Noticed a water moccasin
  2275 | D:3      | Slain by a water moccasin

Illustrated notes

Levels and vault maps discovered:
D:1:      lemuel_arrival_broad_hall, layout_rooms
D:2:      layout_rooms, shapermc_ecumenical_altar_mp_vishouse
D:3:      minmay_recursive_quarters, layout_basic, serial_shops, shop,
          minmay_distorted

Skill      XL: |  1 |
---------------+----+-----
Summonings     | 5 |  5.9
Dodging        | |  2.1
Stealth        | |  1.7
Spellcasting   | |  2.9

Action                   || total
-------------------------++-------
Melee: Unarmed           ||    41
       Trident           ||    12
 Cast: Summon Small Mamm ||    19
       Call Imp          ||    31
       Call Canine Famil ||     3
 Abil: Hop               ||     1
 Stab: Distracted        ||     3
       Sleeping          ||     2
Armor: Robe              ||    20
Dodge: Dodged            ||    43

Table legend: (Time is in decaauts)
 A = Elapsed time spent in this place.
 B = Non-inter-level travel time spent in this place.
 C = Inter-level travel time spent in this place.
 D = Time resting spent in this place.
 E = Time spent auto-exploring this place.
 F = Levels seen in this place.
 G = Mean time per level.
                   A        B        C        D        E       F      G
               +--------+--------+--------+--------+--------+-----+--------+
         Total |   2448 |   2400 |     48 |      0 |   2008 |   3 |  816.0 |
       Dungeon |   2448 |   2400 |     48 |      0 |   2008 |   3 |  816.0 |
               +--------+--------+--------+--------+--------+-----+--------+

Top non-repeatable levels by time:
     D:1: 1275 daAuts
     D:2: 1149 daAuts
     D:3: 23 daAuts
